 Dungeon Crawl Stone Soup version 0.28.0 (webtiles) character file.

Game seed: 15028965735592349433

141 Aksej the Slasher (level 5, 0/32 (41) HPs)
             Began as a Demonspawn Monk on Feb 15, 2022.
             Slain by Ijyb (2 damage)
             ... on level 3 of the Dungeon.
             The game lasted 00:06:07 (3265 turns).

Aksej the Slasher (Demonspawn Monk)                 Turns: 3265, Time: 00:06:07

HP:   0/32 (41)     AC:  2    Str: 12    XL:     5   Next: 3%
MP:   5/5           EV: 13    Int: 11    God:
Gold: 57            SH:  0    Dex: 17    Spells: 4/4 levels left

rFire   . . .      SeeInvis .   a - +0 falchion
rCold   . . .      Faith    .   (no shield)
rNeg    . . .      Spirit   .   b - +0 robe
rPois   .          Reflect  .   (helmet restricted)
rElec   .          Harm     .   (no cloak)
rCorr   .          Rampage  .   (no gloves)
Will    .....                   (no boots)
Stlth   ++........              (no amulet)
HPRegen 0.10/turn               (no ring)
MPRegen 0.09/turn               (no ring)

@: hasted, heavily drained, very quick
A: antennae 1, ignite blood 1
a: no special abilities


You were on level 3 of the Dungeon.
You visited 1 branch of the dungeon, and saw 3 of its levels.

You collected 57 gold pieces.

Inventory:

Hand Weapons
 a - a +0 falchion (weapon)
Armour
 b - a +0 robe (worn)
 c - a +0 cloak
 h - a scarf of shadows
Wands
 d - a wand of acid (2)
 i - a wand of flame (30)
Scrolls
 e - a scroll of blinking
 k - a scroll of identify
 l - a scroll of holy word {unknown}
 m - a scroll of fog {unknown}
Potions
 g - a potion of magic {unknown}
 j - a potion of cancellation {unknown}


   Skills:
 + Level 3.5 Fighting
 + Level 3.8 Long Blades
 + Level 3.4 Dodging
 + Level 2.7 Stealth
 + Level 0.3 Evocations


You had 4 spell levels left.
You didn't know any spells.
Your spell library contained the following spells:

 Spells                   Type           Power      Damage    Failure   Level
 Confusing Touch          Hex            0%         N/A       71%         3
 Animate Dead             Necr           0%         N/A       98%         4
 Borgnjor's Vile Clutch   Necr/Erth      0%         N/A       100%        5
 Yara's Violent Unravell  Hex/Tmut       0%         3d3       100%        5
 Death Channel            Necr           0%         N/A       100%        6
 Enfeeble                 Hex            0%         N/A       100%        7


Dungeon Overview and Level Annotations

Branches:
Dungeon (3/15)

Altars:
Makhleb
Xom

Annotations:
D:3 1 runed translucent door, Crazy Yiuf, Ijyb


Innate Abilities, Weirdness & Mutations

You have a pair of small antennae on your head.
Your demonic aura sometimes causes spilled blood to erupt in flames.


Message History

You barely miss Ijyb.
Ijyb is heavily wounded.
Ijyb closely misses you.
You closely miss Ijyb.
Ijyb is heavily wounded.
Ijyb closely misses you.
You hit Ijyb.
Ijyb is heavily wounded.
You hit Ijyb.
Ijyb is heavily wounded.
Ijyb misses you.
You hit Ijyb.
Ijyb is severely wounded.
Ijyb barely misses you.
You hit Ijyb but do no damage.
Ijyb is severely wounded.
Ijyb screams, "Me very upset!"
Ijyb misses you.
You closely miss Ijyb.
Ijyb is severely wounded.
You hit Ijyb.
Ijyb is severely wounded.
Ijyb hits you with a +2 dagger of draining.
* * * LOW HITPOINT WARNING * * *
You feel drained.
Aiming: Corrosive Bolt
Press: ? - help, Shift-Dir - straight line, f - Ijyb
Aim: Ijyb, wielding a +2 dagger of draining, wearing a +0 leather armour and carrying a wand of iceblast (8) (severely wounded, 64% to hit)
The bolt of acid misses Ijyb.
Ijyb completely misses you.
You hit Ijyb.
Ijyb is almost dead.
You hit Ijyb but do no damage.
Ijyb is almost dead.
Ijyb barely misses you.
You barely miss Ijyb.
Ijyb is almost dead.
Ijyb hits you with a +2 dagger of draining.
* * * LOW HITPOINT WARNING * * *
You feel drained.
You die...

##### *,,**,*,,,,,,,+,*
*,,,*, #..)#
*,,**,*,.#,,,,*****,,,*,
#...#
*,,**,**.#*,,,,,,,,,,,+<
*...*
*,,**,**.#*,,,,********,
*#+#*
*,,**,**.#*,,,,*,,,,,,,,
##.#
*,,,,,,,.#*,,,,*,*******
#.## **,**,**.#*,,,,*,*
** ##.#
*,##+##g#*,,,,*,* *,
#.## **,#...@.#**+*,*,*
*, ##.##
*,,+.....##*,*,*,* *,
#...##
####......#*,*,*,* **
#....#
#.......#.#*.#,*,*******
#....#
###.#+###..#.#,#,*,,,,,,
###..## #.#.#
*#.#.#.#,,,,****
#.#...######.#.#
#.#.#.***,,*,,+
#.#..##....#.#.# #....,*
*,,*,**
#.#.###.##.#'#'##
#...#** *,,*,**


You could see Ijyb.

Vanquished Creatures
  Natasha (thrice) (D:2)
  3 adders
  A worm (D:2)
  A dart slug (D:2)
  2 ball pythons
  2 endoplasms
  A giant cockroach (D:3)
  2 goblins
  3 hobgoblins
  4 jackals (D:1)
  3 kobolds
  A quokka (D:2)
  5 bats
  5 frilled lizards
  3 rats
39 creatures vanquished.

Notes
Turn   | Place    | Note
-------+----------+-------------------------------------------
     0 | D:1      | Aksej the Demonspawn Monk began the quest for the Orb.
     0 | D:1      | Reached XP level 1. HP: 18/18 MP: 1/1
   503 | D:1      | Gained mutation: You have a pair of small antennae on your
                  | head. [demonic ancestry]
   503 | D:1      | Reached XP level 2. HP: 20/24 MP: 2/2
  1141 | D:1      | Found a faded altar of an unknown god.
  1632 | D:2      | Reached XP level 3. HP: 15/29 MP: 3/3
  1940 | D:2      | Noticed Natasha
  1961 | D:2      | Killed Natasha
  2074 | D:2      | Noticed Natasha
  2079 | D:2      | Killed Natasha
  2080 | D:2      | Gained mutation: Your demonic aura sometimes causes spilled
                  | blood to erupt in flames. [demonic ancestry]
  2080 | D:2      | Reached XP level 4. HP: 6/35 MP: 4/4
  2597 | D:2      | Found a shimmering altar of Xom.
  2656 | D:2      | Noticed Natasha
  2662 | D:2      | Killed Natasha
  2977 | D:3      | Found a burning altar of Makhleb.
  3128 | D:3      | Reached XP level 5. HP: 41/41 MP: 5/5
  3177 | D:3      | Found a runed translucent door.
  3178 | D:3      | Noticed Crazy Yiuf
  3237 | D:3      | Noticed Ijyb
  3265 | D:3      | Slain by Ijyb

Illustrated notes

Levels and vault maps discovered:
D:1:      lemuel_arrival_river_ford, layout_basic,
          shapermc_ecumenical_altar_mp_highgroup, grunt_decor_fettered,
          grunt_decor_one_mirror
D:2:      layout_rooms, basic_altar, uniq_natasha
D:3:      layout_basic, bloody_makhleb, serial_shops, nicolae_shop_stone,
          nrook_mini_vaults, uniq_crazy_yiuf_cottage, uniq_ijyb, uniq_terence

Skill      XL: |  1  2 |
---------------+-------+-----
Dodging        | 3 |  3.4
Long Blades    | 3 |  3.8
Stealth        | 2 |  2.7
Fighting       | |  3.5
Evocations     | |  0.3

Action                   |  1- 3 |  4- 6 || total
-------------------------+-------+-------++-------
Melee: Falchion          |    88 |    55 ||   143
       Punch             |       |     1 ||     1
Evoke: Wand              |     5 |     1 ||     6
  Use: Scroll            |     1 |     2 ||     3
       Potion            |     1 |     1 ||     2
 Stab: Sleeping          |     5 |     4 ||     9
Armor: Robe              |    22 |     7 ||    29
Dodge: Dodged            |    83 |    32 ||   115
